| TOP OF THE 1ST |
|
Salt Lake Bees batting - Pitching for Rochester Red Wings : LHP Matt Walton
|
|
Pitching: LHP Matt Walton
|
|
|
Batting: RHB Kian-tat Chen
|
0-0: Called Strike 0-1: Foul Ball, location: 2F 0-2: Ball 1-2: Foul Ball, location: 2F 1-2: Ball 2-2: Strikes out swinging
|
|
Batting: SHB Butch Brown
|
0-0: Called Strike 0-1: Foul Ball, location: 2F 0-2: Ball 1-2: DOUBLE (Line Drive, 78D, EV 106.9 MPH)
|
|
Batting: RHB Ryan Munro
|
0-0: Ball 1-0: Ball 2-0: Ball Butch Brown steals 3rd base 3-0: Called Strike 3-1: Foul Ball, location: 2F 3-2: Fly out, F4 (Popup, 34S, EV 70.0 MPH)
|
|
Batting: RHB Brandon Davis
|
0-0: Swinging Strike 0-1: Ball 1-1: Ball 2-1: Ball 3-1: Called Strike 3-2: Foul Ball, location: 2F 3-2: Base on Balls
|
|
Batting: RHB Josh Faulconer
|
0-0: Ball 1-0: Foul Ball, location: 2F 1-1: Swinging Strike 1-2: Foul Ball, location: 2F 1-2: Ball 2-2: SINGLE (Groundball, 6MD, EV 104.4 MPH) Butch Brown scores Brandon Davis to second Runner from 2nd tries for 3rd, SAFE, throw by CF made to third
|
|
Batting: LHB Jonathon Walton
|
0-0: Swinging Strike 0-1: Foul Ball, location: 2F 0-2: Ball 1-2: Ball 2-2: Ball 3-2: Strikes out swinging
|
| Top of the 1st over - 1 run, 2 hits, 0 errors, 2 left on base; Salt Lake 1 - Rochester 0 |
| BOTTOM OF THE 1ST |
|
Rochester Red Wings batting - Pitching for Salt Lake Bees : RHP Ricky Castillo
|
|
Pitching: RHP Ricky Castillo
|
|
|
Batting: RHB Cyril Husson
|
0-0: Swinging Strike 0-1: Called Strike 0-2: Strikes out swinging
|
|
Batting: SHB Manny Molina
|
0-0: Ball 1-0: Swinging Strike 1-1: Swinging Strike 1-2: Foul Ball, location: 2F 1-2: Ball 2-2: Fly out, F9 (Flyball, 9D, EV 89.4 MPH)
|
|
Batting: SHB Dan Morataya
|
0-0: Ball 1-0: Ball 2-0: Ball 3-0: Fly out, F7 (Flyball, 7, EV 95.0 MPH)
|
| Bottom of the 1st over - 0 runs, 0 hits, 0 errors, 0 left on base; Salt Lake 1 - Rochester 0 |
| TOP OF THE 2ND |
|
Salt Lake Bees batting - Pitching for Rochester Red Wings : LHP Matt Walton
|
|
Batting: RHB Jeff Long
|
0-0: DOUBLE (Line Drive, 7LD, EV 107.5 MPH)
|
|
Batting: LHB Justin Alexander
|
0-0: Ball 1-0: Fly out, F9 (Line Drive, 9S, EV 92.5 MPH)
|
|
Batting: LHB Brett Bugge
|
0-0: Ball 1-0: Ground out U3 (Groundball, 23, EV 84.4 MPH) Jeff Long to third
|
|
Batting: RHB Kian-tat Chen
|
0-0: Ball 1-0: Ground out 4-3 (Groundball, 4S, EV 87.5 MPH)
|
| Top of the 2nd over - 0 runs, 1 hit, 0 errors, 1 left on base; Salt Lake 1 - Rochester 0 |
| BOTTOM OF THE 2ND |
|
Rochester Red Wings batting - Pitching for Salt Lake Bees : RHP Ricky Castillo
|
|
Batting: SHB Ian Thompson
|
0-0: Called Strike 0-1: Swinging Strike 0-2: Ball 1-2: Ground out 4-3 (Groundball, 4, EV 91.2 MPH)
|
|
Batting: RHB Juan Espinoza
|
0-0: Ball 1-0: Fly out, F8 (Flyball, 8RM, EV 88.8 MPH)
|
|
Batting: LHB Jayden Thomas
|
0-0: Fly out, F9 (Flyball, 9S, EV 90.0 MPH)
|
| Bottom of the 2nd over - 0 runs, 0 hits, 0 errors, 0 left on base; Salt Lake 1 - Rochester 0 |
| TOP OF THE 3RD |
|
Salt Lake Bees batting - Pitching for Rochester Red Wings : LHP Matt Walton
|
|
Batting: SHB Butch Brown
|
0-0: Ball 1-0: Called Strike 1-1: Called Strike 1-2: Ball 2-2: Ball 3-2: SINGLE (Groundball, 4S, EV 73.8 MPH) (infield hit)
|
|
Batting: RHB Ryan Munro
|
0-0: DOUBLE (Line Drive, 9LM, EV 103.8 MPH) Butch Brown to third Runner from 3rd tries for Home, throw by RF and OUT! 9-4-2
|
|
Batting: RHB Brandon Davis
|
0-0: Ball 1-0: Called Strike 1-1: SINGLE (Groundball, 6M, EV 103.1 MPH) (infield hit) Ryan Munro to third
|
|
Batting: RHB Josh Faulconer
|
0-0: Called Strike 0-1: Called Strike 0-2: Strikes out looking
|
|
Batting: LHB Jonathon Walton
|
0-0: Foul Ball, location: 2F 0-1: Called Strike 0-2: Ball 1-2: Ball 2-2: Strikes out swinging
|
| Top of the 3rd over - 0 runs, 3 hits, 0 errors, 2 left on base; Salt Lake 1 - Rochester 0 |
| BOTTOM OF THE 3RD |
|
Rochester Red Wings batting - Pitching for Salt Lake Bees : RHP Ricky Castillo
|
|
Batting: RHB Ryan Gautney
|
0-0: Ball 1-0: Ball 2-0: Ball 3-0: Foul Ball, location: 2F 3-1: Foul Ball, location: 2F 3-2: Base on Balls
|
|
Batting: RHB Dan Grable
|
0-0: Grounds into double play, 4-6-3 (Groundball, 4M, EV 85.0 MPH)
|
|
Batting: RHB Ratko Macura
|
0-0: Called Strike 0-1: Ball 1-1: Ball 2-1: SINGLE (Groundball, P, EV 80.6 MPH) (infield hit)
|
|
Batting: RHB Cyril Husson
|
0-0: Swinging Strike 0-1: Fielders Choice at 2nd, 6-4 (Groundball, 6, EV 90.6 MPH)
|
| Bottom of the 3rd over - 0 runs, 1 hit, 0 errors, 1 left on base; Salt Lake 1 - Rochester 0 |
| TOP OF THE 4TH |
|
Salt Lake Bees batting - Pitching for Rochester Red Wings : LHP Matt Walton
|
|
Batting: RHB Jeff Long
|
0-0: Ball 1-0: Foul Ball, location: 2F 1-1: Ball 2-1: Ball 3-1: Ground out 5-3 (Groundball, 5S, EV 81.2 MPH)
|
|
Batting: LHB Justin Alexander
|
0-0: Ball 1-0: Foul Ball, location: 2F 1-1: Ball 2-1: Foul Ball, location: 2F 2-2: Ball 3-2: Strikes out swinging
|
|
Batting: LHB Brett Bugge
|
0-0: Ball 1-0: Ground out 4-3 (Groundball, 4MD, EV 88.8 MPH)
|
| Top of the 4th over - 0 runs, 0 hits, 0 errors, 0 left on base; Salt Lake 1 - Rochester 0 |
| BOTTOM OF THE 4TH |
|
Rochester Red Wings batting - Pitching for Salt Lake Bees : RHP Ricky Castillo
|
|
Batting: SHB Manny Molina
|
0-0: Bunt for hit to 2L - play at first, batter OUT! 2-3
|
|
Batting: SHB Dan Morataya
|
0-0: Foul Ball, location: 2F 0-1: Ground out 5-3 (Groundball, 6S, EV 64.4 MPH)
|
|
Batting: SHB Ian Thompson
|
0-0: Ball 1-0: Foul Ball, location: 2F 1-1: Foul Ball, location: 2F 1-2: Ground out 1-3 (Groundball, 13S, EV 76.9 MPH)
|
| Bottom of the 4th over - 0 runs, 0 hits, 0 errors, 0 left on base; Salt Lake 1 - Rochester 0 |
| TOP OF THE 5TH |
|
Salt Lake Bees batting - Pitching for Rochester Red Wings : LHP Matt Walton
|
|
Batting: RHB Kian-tat Chen
|
0-0: Called Strike 0-1: Swinging Strike 0-2: Ball 1-2: Foul Ball, location: 2F 1-2: Strikes out swinging
|
|
Batting: SHB Butch Brown
|
0-0: Ball 1-0: Ball 2-0: Called Strike 2-1: Fly out, F3 (Line Drive, 3L, EV 64.4 MPH)
|
|
Batting: RHB Ryan Munro
|
0-0: Ball 1-0: Foul Ball, location: 2F 1-1: Called Strike 1-2: DOUBLE (Line Drive, 3D, EV 110.0 MPH)
|
|
Batting: RHB Brandon Davis
|
0-0: Called Strike 0-1: Foul Ball, location: 2F 0-2: Strikes out swinging
|
| Top of the 5th over - 0 runs, 1 hit, 0 errors, 1 left on base; Salt Lake 1 - Rochester 0 |
| BOTTOM OF THE 5TH |
|
Rochester Red Wings batting - Pitching for Salt Lake Bees : RHP Ricky Castillo
|
|
Batting: RHB Juan Espinoza
|
0-0: Called Strike 0-1: Foul Ball, location: 2F 0-2: Ball 1-2: Ball 2-2: Strikes out swinging
|
|
Batting: LHB Jayden Thomas
|
0-0: Ball 1-0: Ball 2-0: Foul Ball, location: 2F 2-1: Ground out 6-3 (Groundball, 6, EV 104.4 MPH)
|
|
Batting: RHB Ryan Gautney
|
0-0: Ball 1-0: Foul Ball, location: 2F 1-1: Called Strike 1-2: Ground out 5-3 (Groundball, 56S, EV 85.0 MPH)
|
| Bottom of the 5th over - 0 runs, 0 hits, 0 errors, 0 left on base; Salt Lake 1 - Rochester 0 |
| TOP OF THE 6TH |
|
Salt Lake Bees batting - Pitching for Rochester Red Wings : LHP Matt Walton
|
|
Batting: RHB Josh Faulconer
|
0-0: Ball 1-0: Called Strike 1-1: Swinging Strike 1-2: Ball 2-2: Ground out 5-3 (Groundball, 56S, EV 85.0 MPH)
|
|
Batting: LHB Jonathon Walton
|
0-0: Ball 1-0: Foul Ball, location: 2F 1-1: Swinging Strike 1-2: Strikes out swinging
|
|
Batting: RHB Jeff Long
|
0-0: Ball 1-0: Called Strike 1-1: Foul Ball, location: 2F 1-2: Ball 2-2: Strikes out swinging
|
| Top of the 6th over - 0 runs, 0 hits, 0 errors, 0 left on base; Salt Lake 1 - Rochester 0 |
| BOTTOM OF THE 6TH |
|
Rochester Red Wings batting - Pitching for Salt Lake Bees : RHP Ricky Castillo
|
|
Batting: RHB Dan Grable
|
0-0: Ball 1-0: DOUBLE (Flyball, 8RXD, EV 103.1 MPH)
|
|
Batting: RHB Ratko Macura
|
0-0: Called Strike 0-1: Foul Ball, location: 2F 0-2: Ball 1-2: Foul Ball, location: 2F 1-2: Ball 2-2: Ball 3-2: Strikes out swinging
|
|
Batting: RHB Cyril Husson
|
0-0: Ball 1-0: Swinging Strike 1-1: Ball 2-1: Called Strike 2-2: SINGLE (Groundball, 56S, EV 67.5 MPH) (infield hit) Dan Grable to third
|
|
Batting: SHB Manny Molina
|
0-0: Called Strike 0-1: Ball 1-1: Swinging Strike 1-2: Strikes out looking
|
|
Batting: SHB Dan Morataya
|
0-0: Foul Ball, location: 2F 0-1: Swinging Strike 0-2: Ball 1-2: Ball 2-2: Foul Ball, location: 2F 2-2: Strikes out swinging
|
| Bottom of the 6th over - 0 runs, 2 hits, 0 errors, 2 left on base; Salt Lake 1 - Rochester 0 |
| TOP OF THE 7TH |
|
Salt Lake Bees batting - Pitching for Rochester Red Wings : LHP Matt Walton
|
|
Pitching: RHP Matt Springer
|
|
|
Batting: LHB Justin Alexander
|
0-0: Fly out, F8 (Flyball, 8LD, EV 93.8 MPH)
|
|
Batting: LHB Brett Bugge
|
0-0: Ground out 5-3 (Groundball, 56, EV 101.2 MPH)
|
|
Batting: RHB Kian-tat Chen
|
0-0: Called Strike 0-1: Swinging Strike 0-2: Ball 1-2: Strikes out looking
|
| Top of the 7th over - 0 runs, 0 hits, 0 errors, 0 left on base; Salt Lake 1 - Rochester 0 |
| BOTTOM OF THE 7TH |
|
Rochester Red Wings batting - Pitching for Salt Lake Bees : RHP Ricky Castillo
|
|
Batting: SHB Ian Thompson
|
0-0: Ball 1-0: SINGLE (Groundball, 25, EV 67.5 MPH) (infield hit)
|
|
Pinch Hitting: LHB Chris Munguia
|
0-0: Ball 1-0: Ball 2-0: Called Strike 2-1: Fly out, F8 (Flyball, 8LM, EV 95.6 MPH)
|
|
Batting: LHB Jayden Thomas
|
0-0: Ball 1-0: Called Strike 1-1: Foul Ball, location: 2F 1-2: Strikes out swinging
|
|
Batting: RHB Ryan Gautney
|
0-0: Ball Pickoff Throw to First - Error! E1 Ian Thompson to second 1-0: Ball 2-0: Called Strike 2-1: Called Strike 2-2: Ball 3-2: Strikes out looking
|
| Bottom of the 7th over - 0 runs, 1 hit, 1 error, 1 left on base; Salt Lake 1 - Rochester 0 |
| TOP OF THE 8TH |
|
Salt Lake Bees batting - Pitching for Rochester Red Wings : RHP Matt Springer
|
|
Now in LF: Chris Munguia
|
|
|
Now in CF: Dan Morataya
|
|
|
Batting: SHB Butch Brown
|
0-0: DOUBLE (Line Drive, 78D, EV 105.6 MPH)
|
|
Batting: RHB Ryan Munro
|
0-0: Called Strike 0-1: Foul Ball, location: 2F 0-2: Foul Ball, location: 2F 0-2: Strikes out looking
|
|
Batting: RHB Brandon Davis
|
0-0: Ball 1-0: Ball 2-0: Called Strike 2-1: Ground out 6-3 (Groundball, 6, EV 86.9 MPH) Butch Brown to third
|
|
Batting: RHB Josh Faulconer
|
0-0: Called Strike 0-1: Fly out, F9 (Flyball, 9LD, EV 94.4 MPH)
|
| Top of the 8th over - 0 runs, 1 hit, 0 errors, 1 left on base; Salt Lake 1 - Rochester 0 |
| BOTTOM OF THE 8TH |
|
Rochester Red Wings batting - Pitching for Salt Lake Bees : RHP Ricky Castillo
|
|
Batting: RHB Dan Grable
|
0-0: Ball 1-0: Called Strike 1-1: Called Strike 1-2: Ground out 6-3 (Groundball, 6, EV 111.9 MPH)
|
|
Pitching: RHP Harry Christopher
|
|
|
Batting: RHB Ratko Macura
|
0-0: Foul Ball, location: 2F 0-1: Foul Ball, location: 2F 0-2: Ball 1-2: Ball 2-2: Strikes out swinging
|
|
Batting: RHB Cyril Husson
|
0-0: Called Strike 0-1: Ball 1-1: Swinging Strike 1-2: Ball 2-2: Foul Ball, location: 2F 2-2: Fly out, F9 (Flyball, 9, EV 98.1 MPH)
|
| Bottom of the 8th over - 0 runs, 0 hits, 0 errors, 0 left on base; Salt Lake 1 - Rochester 0 |
| TOP OF THE 9TH |
|
Salt Lake Bees batting - Pitching for Rochester Red Wings : RHP Matt Springer
|
|
Batting: LHB Jonathon Walton
|
0-0: Ball 1-0: Called Strike 1-1: Foul Ball, location: 2F 1-2: Strikes out swinging, 2-3 out at first.
|
|
Batting: RHB Jeff Long
|
0-0: Ball 1-0: Called Strike 1-1: Ball 2-1: Foul Ball, location: 2F 2-2: Fly out, F5 (Popup, 5SF, EV 87.5 MPH)
|
|
Batting: LHB Justin Alexander
|
0-0: Called Strike 0-1: Ball 1-1: Swinging Strike 1-2: Foul Ball, location: 2F 1-2: Fly out, F9 (Line Drive, 9, EV 105.0 MPH)
|
| Top of the 9th over - 0 runs, 0 hits, 0 errors, 0 left on base; Salt Lake 1 - Rochester 0 |
| BOTTOM OF THE 9TH |
|
Rochester Red Wings batting - Pitching for Salt Lake Bees : RHP Harry Christopher
|
|
Batting: SHB Manny Molina
|
0-0: Foul Ball, location: 2F 0-1: Ball 1-1: Ball 2-1: Foul Ball, location: 2F 2-2: Ball 3-2: Foul Ball, location: 2F 3-2: Base on Balls
|
|
Batting: SHB Dan Morataya
|
0-0: Ball 1-0: Ball 2-0: Called Strike 2-1: Called Strike 2-2: Fly out, F7 (Line Drive, 7S, EV 93.1 MPH)
|
|
Batting: SHB Ian Thompson
|
0-0: Called Strike 0-1: Swinging Strike 0-2: Ball 1-2: Strikes out looking
|
|
Batting: LHB Chris Munguia
|
0-0: Ball 1-0: Foul Ball, location: 2F 1-1: SINGLE (Line Drive, 9S, EV 104.4 MPH) Manny Molina to second
|
|
Batting: LHB Jayden Thomas
|
0-0: SINGLE (Line Drive, 34, EV 95.6 MPH) Manny Molina to third Chris Munguia to second Runner from 3rd tries for Home, SAFE, throw by RF to home
|
|
Batting: RHB Ryan Gautney
|
0-0: Ball 1-0: SINGLE (Groundball, 56D, EV 96.9 MPH) Chris Munguia to third Jayden Thomas to second Runner from 3rd tries for Home, SAFE, throw by LF to home
|
| Bottom of the 9th over - 2 runs, 3 hits, 0 errors, 2 left on base; Salt Lake 1 - Rochester 2 |
|